 Dungeon Crawl Stone Soup version 0.31-a0-691-g409c26aa35 (webtiles) character file.

Game seed: 3506205405787311446

88 qw the Shooter (level 4, -3/28 HPs)
             Began as a Gargoyle Hunter on Sept 6, 2023.
             Slain by Terence
             ... wielding a +1 hand axe of electrocution
              (5 damage)
             ... on level 3 of the Dungeon.
             The game lasted 00:00:46 (1606 turns).

qw the Shooter (Gargoyle Hunter)                    Turns: 1606, Time: 00:00:46

Health: -3/28      AC:  6    Str: 15    XL:     4   Next: 54%
Magic:  4/4        EV: 11    Int:  9    God:
Gold:   161        SH:  0    Dex: 15    Spells: 3/3 levels left

rFire   . . .        Y - +0 shortbow
rCold   . . .        (shield currently unavailable)
rNeg    + . .        c - +0 leather armour
rPois   inf          (no helmet)
rElec   +            (no cloak)
rCorr   .            (no gloves)
SInv    .            (no boots)
Will    .....        (no amulet)
Stlth   ++           (no ring)
HPRegen 0.24/turn    (no ring)
MPRegen 0.09/turn

%: no passive effects
@: no status effects
A: sickness immunity, AC +3, negative energy resistance 1, electricity
resistance, torment resistance 1, petrification resistance
a: no special abilities


You were on level 3 of the Dungeon.
You visited 1 branch of the dungeon, and saw 3 of its levels.

You collected 161 gold pieces.


Innate Abilities, Weirdness & Mutations

You are immune to sickness and miasma.
Your stone body is resilient. (AC +3)
You are immune to poison.
You resist negative energy. (rN+)
You are resistant to electric shocks. (rElec)
You are resistant to unholy torment.
You are immune to petrification.


   Skills:
 - Level 3.0 Fighting
 + Level 5.5 Ranged Weapons
 - Level 1.5 Dodging
 - Level 1.1 Stealth


You had 3 spell levels left.
You didn't know any spells.
Your spell library was empty.

Inventory:

Hand Weapons
 Y - a +0 shortbow (weapon)
Armour
 a - a +0 ring mail
 c - a +0 leather armour (worn)

Dungeon Overview and Level Annotations

Branches:
Dungeon (3/15)

Altars:

Shops:
D:2 :

Annotations:
D:3 Terence


Message History

The arrow hits Terence but does no damage.
Terence is lightly wounded.
You shoot an arrow. The arrow hits Terence.
Terence is heavily wounded.
Terence hits you with a +1 hand axe of electrocution.
You shoot an arrow.
The arrow hits Terence but does no damage.
Terence is heavily wounded.
Terence hits you with a +1 hand axe of electrocution.
You shoot an arrow.
The arrow hits Terence but does no damage.
Terence is heavily wounded.
Terence barely misses you.
You shoot an arrow.
The arrow hits Terence but does no damage.
Terence is heavily wounded.
Terence closely misses you.
You shoot an arrow.
The arrow hits Terence but does no damage.
Terence is heavily wounded.
Terence hits you with a +1 hand axe of electrocution.
You shoot an arrow. The arrow barely misses Terence.
Terence hits you with a +1 hand axe of electrocution. x2
You shoot an arrow. The arrow hits Terence.
Terence is heavily wounded.
Terence hits you with a +1 hand axe of electrocution.
You shoot an arrow. The arrow closely misses Terence.
Terence hits you with a +1 hand axe of electrocution!
You shoot an arrow. The arrow hits Terence.
Terence is severely wounded.
Terence hits you with a +1 hand axe of electrocution.
You shoot an arrow. The arrow closely misses Terence.
Terence hits you with a +1 hand axe of electrocution.
You shoot an arrow. The arrow hits Terence.
Terence is severely wounded.
Terence closely misses you.
You shoot an arrow. The arrow hits Terence.
Terence is almost dead.
Terence hits you with a +1 hand axe of electrocution.
You die...

#.##.#.###.....####.
........#.#.##)#
.............#.#
#............#.######.##
.......)..##.#%#....<...
#.....^#### .#%#.####.##
#....#.## .#..........
##.#....## #.#.#####..
#.......## #.#@#
###%....... #..@.#
........)...........
........######........
...P...## #.#.#..##.#
7PP7...# #.#..... $
7_..P..# #.####.##
.77...:.. #. .# .
..#.###


You could see Terence.

Vanquished Creatures
  An adder (D:3)
  A worm (D:2)
  2 dart slugs
  4 orcs (D:3)
  4 bats
  8 endoplasms
  5 giant cockroaches
  4 goblins
  4 hobgoblins
  2 jackals (D:2)
  6 kobolds
  4 quokkas
  7 ball pythons
  3 frilled lizards
  7 rats
62 creatures vanquished.

Notes
Turn   | Place    | Note
-------+----------+-------------------------------------------
     0 | D:1      | qw the Gargoyle Hunter began the quest for the Orb.
     0 | D:1      | Reached XP level 1. HP: 12/12 MP: 1/1
     0 | D:1      | 0 ||| qw: Version: 0.3-a-76-g4403597
     0 | D:1      | 0 ||| qw: Game counter: 43
     0 | D:1      | 0 ||| qw: Melee chars always use a shield: true
     0 | D:1      | 0 ||| qw: God list: Okawaru
     0 | D:1      | 0 ||| qw: Allow faded altars: false
     0 | D:1      | 0 ||| qw: Do Orc after clearing Dungeon:15 true
     0 | D:1      | 0 ||| qw: Do second Lair branch before Depths: true
     0 | D:1      | 0 ||| qw: Lair rune preference: random
     0 | D:1      | 0 ||| qw: Goals: Normal
     0 | D:1      | 0 ||| PLANNING D:1-11
   128 | D:1      | Reached XP level 2. HP: 17/17 MP: 2/2
   433 | D:1      | Reached XP level 3. HP: 21/21 MP: 3/3
   489 | D:1      | Reached skill level 5 in Ranged Weapons
   716 | D:1      | 716 ||| READING scroll labelled GEEHIRUG EMOUHE.
   731 | D:1      | 731 ||| READING scroll labelled FEATESTR VARILAE.
   732 | D:1      | 732 ||| DROPPING scroll of butterflies.
   850 | D:2      | Found Zale's Book Shop.
   880 | D:2      | 880 ||| Stepping ~*~*~tactically~*~*~ (outnumbered).
   909 | D:2      | 909 ||| FLEEEEING.
   911 | D:2      | 911 ||| FLEEEEING.
   912 | D:2      | 912 ||| FLEEEEING.
   926 | D:2      | Reached skill level 3 in Fighting
   928 | D:2      | 928 ||| FLEEEEING.
  1118 | D:2      | Reached XP level 4. HP: 28/28 MP: 4/4
  1394 | D:2      | 1394 ||| READING scroll labelled CIMIEPIMITZ.
  1449 | D:3      | Found a faded altar of an unknown god.
  1571 | D:3      | Noticed Terence
  1572 | D:3      | 1572 ||| FLEEEEING.
  1573 | D:3      | 1573 ||| FLEEEEING.
  1574 | D:3      | 1574 ||| FLEEEEING.
  1604 | D:3      | HP: 2/28 [Terence/+1 hand axe of electrocution (6)]
  1606 | D:3      | Slain by Terence

Levels and vault maps discovered:
D:1:      dpeg_arrival_three_same_balls, layout_loops_ring
D:2:      layout_basic, serial_shops, shop_coins
D:3:      layout_loops_ring, ebering_ecumenical_altar_petrified,
          serial_park_tiny_1, uniq_ijyb, uniq_terence

Skill      XL: |  1  2  3 |
---------------+----------+-----
Ranged Weapons | 5 |  5.5
Fighting       | 3 |  3.0
Dodging        | |  1.5
Stealth        | |  1.1

Action                     |  1- 3 |  4- 6 || total
---------------------------+-------+-------++-------
   Fire: Shortbow          |   129 |    70 ||   199
    Use: Scroll            |     2 |     1 ||     3
 Armour: Leather armour    |    28 |    28 ||    56
  Dodge: Dodged            |    25 |    21 ||    46

Table legend:
 A = Non-vault XP
 B = Vault XP
 C = Vault XP percentage of total XP
 D = Non-vault monster count
 E = Vault monster count
 F = Vault count percentage of total count
                 A         B        C        D         E       F
            +---------+---------+-------+---------+---------+-------
      Total |     127 |       0 |   0.0 |      62 |       0 |   0.0
            +---------+---------+-------+---------+---------+-------
        D:1 |      42 |       0 |   0.0 |      23 |       0 |   0.0
        D:2 |      45 |       0 |   0.0 |      24 |       0 |   0.0
        D:3 |      40 |       0 |   0.0 |      15 |       0 |   0.0
            +---------+---------+-------+---------+---------+-------
